 Dungeon Crawl Stone Soup version 0.20.1-1-g8b1a95d (webtiles) character file.

12626 MovingMist the Nimble (level 11, -1/72 HPs)
             Began as a Gargoyle Fighter on Nov 19, 2017.
             Was a High Priest of Okawaru.
             Slain by a 13-headed hydra (6 damage)
             ... on level 1 of the Lair of Beasts.
             The game lasted 00:28:28 (9112 turns).

MovingMist the Nimble (Gargoyle Fighter)            Turns: 9112, Time: 00:28:29

Health: -1/72      AC: 15    Str: 22    XL:     11   Next: 96%
Magic:  11/11      EV:  9    Int:  9    God:    Okawaru [*****.]
Gold:   662        SH: 12    Dex: 12    Spells: 7/10 levels left

rFire    . . .     SeeInvis +   B - +8 hand axe of Beogh's Vengeance {chop, rN++}
rCold    . . .     Gourm    .   c - +0 shield
rNeg     + + +     Faith    +   y - +0 plate armour
rPois    ∞         Spirit   .   (helmet restricted)
rElec    +         Reflect  .   (no cloak)
rCorr    .         Harm     .   (no gloves)
MR       +....     Clarity  +   r - +0 pair of boots
Stlth    ..........             v - amulet of faith
Regen    0.3/turn               (no ring)
MPRegen  0.2/turn               (no ring)

@: no status effects
A: claws 2, horns 2, see invisible, clarity, deformed body, magic resistance 1,
negative energy resistance 1, electricity resistance, strong 1, wild magic 1,
unbreathing, evolution 2, petrification resistance, rot immunity, MP-powered
wands, AC +7
a: Heroism, Finesse, Renounce Religion


You were on level 1 of the Lair of Beasts.
You worshipped Okawaru.
Okawaru was extremely pleased with you.
You were not hungry.

You visited 3 branches of the dungeon, and saw 13 of its levels.

You collected 716 gold pieces.
You spent 54 gold pieces at shops.

Inventory:

Hand Weapons
 B - the +8 hand axe of Beogh's Vengeance (weapon) {chop, rN++}
   (You found it on level 7 of the Dungeon)

   It inflicts extra damage upon your enemies.
   It greatly protects you from negative energy.
Armour
 c - a +0 shield (worn)
 r - a +0 pair of boots (worn)
 y - a +0 plate armour (worn)
Jewellery
 h - an uncursed amulet of magic regeneration
 v - an amulet of faith (around neck)
Wands
 H - a wand of lightning (4/15)
 K - a wand of polymorph (12/24)
Scrolls
 b - 2 scrolls of amnesia
 e - 7 scrolls of remove curse
 g - a scroll of fear {unknown}
 i - 7 scrolls of teleportation
 n - 2 scrolls of magic mapping
 s - 2 scrolls of recharging {unknown}
 t - 2 scrolls of enchant armour
 u - 3 scrolls of blinking
 w - a scroll of noise {unknown}
 C - 2 scrolls of fog {unknown}
 D - 5 scrolls of enchant weapon {unknown}
 E - a scroll of silence {unknown}
 I - a scroll of holy word {unknown}
Potions
 a - a potion of ambrosia
 d - a potion of might
 j - a potion of brilliance {unknown}
 m - 3 potions of lignification
 p - 3 potions of haste
 q - a potion of heal wounds {unknown}
 x - a potion of cancellation
 z - 2 potions of berserk rage {unknown}
 A - a potion of invisibility
 G - a potion of mutation {unknown}
 J - a potion of resistance {unknown}
Comestibles
 f - 7 bread rations
 k - 17 fruits
 l - 6 meat rations
 o - 8 royal jellies


   Skills:
 + Level 9.7 Fighting
 + Level 5.5(6.5) Axes
   Level 5.8(7.0) Maces & Flails
 - Level 3.2 Armour
 * Level 10.2 Dodging
 + Level 9.7 Shields


You had 7 spell levels left.
You knew the following spells:

 Your Spells              Type           Power        Failure   Level  Hunger
a - Mephitic Cloud        Conj/Pois/Air  #.......     100%        3    ####...


Dungeon Overview and Level Annotations

Branches:
Dungeon (11/15)            Temple (1/1) D:6            Lair (1/6) D:8
    Orc (0/2) D:11

Altars:
Ashenzari
Cheibriados
Dithmenos
Elyvilon
Fedhas
Gozag
Hepliaklqana
Kikubaaqudgha
Makhleb
Nemelex Xobeh
Okawaru
Qazlal
Ru
Sif Muna
Trog
Uskayaw
Vehumet
Xom
Yredelemnul
Zin
The Shining One

Shops:
D:7 *


Innate Abilities, Weirdness & Mutations

You are resistant to torment.
Your stone body is resilient. (AC +7)
You are immune to poison.
You resist negative energy. (rN+)
You are resistant to electric shocks. (rElec)
You can survive without breathing.
You are immune to petrification.
You are immune to rotting.
You have very sharp fingernails.
You have a pair of horns on your head.
You have supernaturally acute eyesight. (SInv)
You possess an exceptional clarity of mind.
Armour fits poorly on your strangely shaped body.
You are resistant to hostile enchantments. (MR+)
Your muscles are strong. (Str +2)
Your spells are a little harder to cast, but a little more powerful.
You rapidly evolve.
You expend magic power (3 MP) to strengthen your wands.


Message History

The 13-headed hydra bites you but does no damage.
The 13-headed hydra barely misses you. x2
The 13-headed hydra closely misses you.
The 13-headed hydra bites you but does no damage. x2
The 13-headed hydra bites you.
Your plate armour prevents you from hitting the 13-headed hydra.
The 13-headed hydra is heavily wounded.
You block the 13-headed hydra's attack. The 13-headed hydra closely misses you.
The 13-headed hydra bites you!
* * * LOW HITPOINT WARNING * * *
The 13-headed hydra bites you.
* * * LOW HITPOINT WARNING * * *
The 13-headed hydra bites you but does no damage.
You block the 13-headed hydra's attack. The 13-headed hydra bites you!
* * * LOW HITPOINT WARNING * * *
The 13-headed hydra bites you.
* * * LOW HITPOINT WARNING * * *
You block the 13-headed hydra's attack. The 13-headed hydra misses you.
The 13-headed hydra bites you.
You die...

#.. ....## ....#.
...
......############
....
............(....#
#...
............P##..#
##...
.........D..####.#
#....
......###.### #D#
#... ...$. ### #@#
#.. .... #.# #.
... #.## #. ..
#..# ###### ## .
#.####.....### #
#............# ###
#..###.......###..
#....#............
#..............##.


You could see a 13-headed hydra.

Vanquished Creatures
  2 two-headed ogres
  Pikel (D:7)
  An ugly thing (D:11)
  A cyclops (D:9)
  Joseph (D:7)
  A centaur zombie (D:9)
  A centaur skeleton (D:11)
  4 kobold demonologists (D:8)
  A hornet (D:11)
  A troll (D:11)
  The ghost of Frank the Slasher, an amateur OpFi (D:4)
  2 hippogriffs
  A wraith (D:10)
  6 yaks (D:11)
  4 hogs (D:7)
  A human (D:7)
  A hungry ghost (D:11)
  Grum (D:8)
  A water moccasin (D:9)
  Duvessa (D:7)
  2 ice beasts
  An orc warrior (D:11)
  4 phantoms
  6 sky beasts
  11 ogres
  A black bear (D:11)
  2 wolves (D:8)
  6 big kobolds
  5 bullfrogs
  4 gnoll sergeants (D:11)
  Dowan (D:7)
  4 scorpions
  8 wights (D:7)
  7 crimson imps
  A bullfrog zombie (D:8)
  3 hounds
  2 jellies
  5 orc wizards
  2 orc priests
  3 iguanas
  11 worker ants
  A killer bee zombie (D:6)
  A hound zombie (D:5)
  A hound skeleton (D:7)
  14 adders
  7 gnolls
  A shadow imp (D:7)
  An ooze (D:1)
  An adder zombie (D:5)
  An adder skeleton (D:5)
  2 worms (D:2)
  3 dart slugs
  3 leopard geckos
  24 orcs
  6 bats
  6 giant cockroaches
  5 goblins
  6 hobgoblins
  10 jackals
  10 kobolds
  2 quokkas
  2 ball pythons
  3 frilled lizards
  A jackal skeleton (D:4)
  4 rats
237 creatures vanquished.

Vanquished Creatures (others)
  A leopard gecko (D:7)
1 creature vanquished.

Grand Total: 238 creatures vanquished

Notes
Turn   | Place    | Note
-------+----------+-------------------------------------------
     0 | D:1      | MovingMist the Gargoyle Fighter began the quest for the Orb.
     0 | D:1      | Reached XP level 1. HP: 14/14 MP: 1/1
   210 | D:1      | Reached XP level 2. HP: 18/19 MP: 2/2
   238 | D:1      | Reached skill level 1 in Dodging
   582 | D:1      | Reached XP level 3. HP: 23/23 MP: 3/3
   791 | D:2      | Reached skill level 2 in Dodging
   791 | D:2      | Reached XP level 4. HP: 28/28 MP: 4/4
  1676 | D:3      | HP: 1/29 [orc wizard/puff of flame (9)]
  1684 | D:3      | Reached XP level 5. HP: 2/33 MP: 5/5
  2453 | D:4      | Reached skill level 3 in Dodging
  2484 | D:4      | Reached XP level 6. HP: 32/38 MP: 6/6
  2618 | D:4      | Noticed Frank's ghost (amateur OpFi)
  2664 | D:4      | Killed Frank's ghost
  2664 | D:4      | Reached XP level 7. HP: 29/44 MP: 7/7
  2833 | D:4      | Reached skill level 4 in Dodging
  3097 | D:5      | Entered Level 5 of the Dungeon
  3165 | D:5      | Reached skill level 5 in Fighting
  3184 | D:5      | Reached skill level 5 in Shields
  3191 | D:5      | Gained mutation: You evolve. [mutagenic meat]
  3192 | D:5      | Gained mutation: You are agile. (Dex +2) [mutagenic meat]
  3193 | D:5      | Gained mutation: You have sharp fingernails. [mutagenic meat]
  3194 | D:5      | Lost mutation: You are agile. (Dex +2) [mutagenic meat]
  3195 | D:5      | Gained mutation: You are resistant to hostile enchantments. (MR+) [mutagenic meat]
  3196 | D:5      | Gained mutation: You have very sharp fingernails. [mutagenic meat]
  3216 | D:5      | Reached XP level 8. HP: 26/49 MP: 8/8
  3398 | D:5      | Found a shattered altar of Ashenzari.
  3454 | D:5      | Reached skill level 5 in Dodging
  3896 | D:6      | Reached skill level 5 in Maces & Flails
  3901 | D:6      | Gained mutation: Armour fits poorly on your strangely shaped body. [mutagenic meat]
  3902 | D:6      | Gained mutation: You tend to lose your temper in combat. [mutagenic meat]
  3903 | D:6      | Gained mutation: Your muscles are strong. (Str +2) [mutagenic meat]
  4316 | D:6      | Found a staircase to the Ecumenical Temple.
  4349 | Temple   | Entered the Ecumenical Temple
  4693 | D:7      | Noticed Joseph
  4731 | D:7      | Killed Joseph
  4731 | D:7      | Reached skill level 6 in Dodging
  4731 | D:7      | Reached XP level 9. HP: 9/56 MP: 9/9
  5117 | D:7      | Got a crude hand axe
  5124 | D:7      | Identified the +8 hand axe of Beogh's Vengeance {chop, rN++} (You found it on level 7 of the Dungeon)
  5141 | D:7      | Noticed Duvessa
  5142 | D:7      | Noticed Dowan
  5156 | D:7      | Killed Duvessa
  5172 | D:7      | Killed Dowan
  5246 | D:7      | Noticed Pikel
  5257 | D:7      | Killed Pikel
  5257 | D:7      | Reached skill level 1 in Axes
  5278 | D:7      | Reached skill level 7 in Dodging
  5373 | D:7      | Reached XP level 10. HP: 31/63 MP: 10/10
  5451 | D:7      | Found a stormy altar of Qazlal.
  5452 | D:7      | Found an iron altar of Okawaru.
  5452 | D:7      | Found an ancient bone altar of Kikubaaqudgha.
  5459 | D:7      | Became a worshipper of Warmaster Okawaru
  5484 | D:7      | Found a burning altar of Makhleb.
  5511 | D:7      | Found Ejut Eru Peh's Assorted Antiques.
  5519 | D:7      | Bought a scroll of identify for 54 gold pieces
  5565 | D:7      | Gained mutation: You rapidly evolve. [evolution]
  5732 | D:8      | Gained mutation: You have supernaturally acute eyesight. (SInv) [mutagenic meat]
  5734 | D:8      | Gained mutation: Your spells are a little harder to cast, but a little more powerful. [mutagenic meat]
  5737 | D:8      | Gained mutation: You expend magic power (3 MP) to strengthen your wands. [mutagenic meat]
  5738 | D:8      | Gained mutation: You have a pair of small horns on your head. [mutagenic meat]
  5739 | D:8      | Lost mutation: You tend to lose your temper in combat. [mutagenic meat]
  5740 | D:8      | Gained mutation: You possess an exceptional clarity of mind. [mutagenic meat]
  5750 | D:8      | Noticed Grum
  5759 | D:8      | Killed Grum
  5759 | D:8      | Reached skill level 8 in Dodging
  5766 | D:8      | Reached * piety under Okawaru
  5918 | D:8      | Noticed a kobold demonologist
  5918 | D:8      | Noticed a kobold demonologist
  5918 | D:8      | Noticed a kobold demonologist
  5919 | D:8      | Noticed a rust devil
  5919 | D:8      | Noticed a kobold demonologist
  5945 | D:8      | Killed a kobold demonologist
  5953 | D:8      | Killed a kobold demonologist
  5958 | D:8      | Killed a kobold demonologist
  5960 | D:8      | Reached ** piety under Okawaru
  5993 | D:8      | Noticed a rust devil
  5995 | D:8      | Killed a kobold demonologist
  6067 | D:8      | Found a staircase to the Lair.
  6948 | D:9      | Noticed a cyclops
  6958 | D:9      | Killed a cyclops
  6958 | D:9      | Reached skill level 9 in Dodging
  6958 | D:9      | Reached XP level 11. HP: 56/69 MP: 11/11
  7221 | D:9      | Reached *** piety under Okawaru
  7256 | D:9      | Found a blossoming altar of Fedhas.
  7321 | D:10     | Entered Level 10 of the Dungeon
  7336 | D:10     | Noticed a two-headed ogre
  7355 | D:10     | Killed a two-headed ogre
  7459 | D:10     | Learned a level 3 spell: Mephitic Cloud
  7743 | D:11     | Noticed a two-headed ogre
  7753 | D:11     | Killed a two-headed ogre
  7988 | D:11     | Gained mutation: You have a pair of horns on your head. [evolution]
  8004 | D:11     | Noticed a brown ugly thing
  8024 | D:11     | Killed a brown ugly thing
  8024 | D:11     | Reached **** piety under Okawaru
  8024 | D:11     | Reached skill level 5 in Axes
  8093 | D:11     | Found a staircase to the Orcish Mines.
  8533 | D:11     | Reached skill level 10 in Dodging
  8599 | D:11     | Found a hazy altar of Hepliaklqana.
  8823 | D:11     | Reached ***** piety under Okawaru
  8987 | Lair:1   | Entered Level 1 of the Lair of Beasts
  9091 | Lair:1   | Noticed an eight-headed hydra
  9112 | Lair:1   | Slain by a 13-headed hydra

Skill      XL: |  1  2  3  4  5  6  7  8  9 10 11 |
---------------+----------------------------------+-----
Dodging        | 1 2 3 4 6 7 9 10 | 10.2
Fighting       | 4 5 6 7 8 9 |  9.7
Maces & Flails | 3 4 5 |  5.8
Shields        | 4 5 6 7 8 9 |  9.7
Axes           | 2 4 5 |  5.5
Armour         | |  3.2

Action                   |  1- 3 |  4- 6 |  7- 9 | 10-12 || total
-------------------------+-------+-------+-------+-------++-------
Melee: Flail             |    90 |    59 |       |       ||   149
       Whip              |       |   138 |   367 |       ||   505
       Hand axe          |       |       |    66 |   433 ||   499
       Headbutt          |       |       |       |    71 ||    71
Invok: Heroism           |       |       |       |     1 ||     1
  Use: Potion            |       |     2 |     2 |     1 ||     5
       Scroll            |       |       |     2 |     7 ||     9
  Eat: Chunk             |       |     6 |    18 |    30 ||    54
Armor: Scale mail        |    50 |    58 |    13 |    65 ||   186
       Chain mail        |       |    34 |   142 |       ||   176
       Plate armour      |       |       |       |    92 ||    92
Dodge: Dodged            |    30 |    58 |   101 |   159 ||   348
Block: Shield            |    62 |    92 |   147 |   258 ||   559
